 Dungeon Crawl Stone Soup version 0.27-a0-660-g90476cec82 (webtiles) character file.

Game seed: 6214562793712549241

8367 HoaS the Grappler (level 10, -8/84 HPs)
             Began as a Demigod Gladiator on Mar 16, 2021.
             Mangled by a yak (9 damage)
             ... on level 9 of the Dungeon.
             The game lasted 00:21:52 (10728 turns).

HoaS the Grappler (Demigod Gladiator)              Turns: 10728, Time: 00:21:52

Health: -8/84      AC: 17    Str: 23    XL:     10   Next: 83%
Magic:  13/13      EV: 10    Int: 10    God:
Gold:   293        SH:  0    Dex: 19    Spells: 9/9 levels left

rFire    . . .     SeeInvis +     - Unarmed
rCold    . . .     Faith    .   (no shield)
rNeg     . . .     Spirit   .   v - +0 plate armour
rPois    .         Reflect  .   b - +1 helmet
rElec    .         Harm     .   s - +1 cloak {Will+}
rCorr    .         Rampage  .   (no gloves)
Will     ++...                  (no boots)
Stlth    ..........             n - amulet of the acrobat
HPRegen  0.24/turn              l - ring of see invisible
MPRegen  0.13/turn              (no ring)

@: no status effects
A: high mp 1, forlorn
a: no special abilities


You were on level 9 of the Dungeon.
You visited 1 branch of the dungeon, and saw 9 of its levels.

You collected 507 gold pieces.
You spent 214 gold pieces at shops.

Inventory:

Missiles
 c - a throwing net (quivered)
 e - 48 poisoned darts
 x - 5 javelins
Armour
 b - a +1 helmet (worn)
 s - a +1 cloak of willpower (worn)
 v - a +0 plate armour (worn)
Jewellery
 l - a ring of see invisible (right hand)
 n - an amulet of the acrobat (around neck)
 q - a ring of flight
Wands
 a - a wand of polymorph (10)
 h - a wand of flame (14)
 u - a wand of acid (12)
Scrolls
 i - 3 scrolls of magic mapping
 r - 5 scrolls of teleportation
 w - a scroll of fear
Potions
 d - 3 potions of mutation
 f - a potion of might
 j - a potion of attraction {unknown}
 k - a potion of ambrosia {unknown}
 m - 2 potions of lignification
 o - a potion of resistance {unknown}
 p - 3 potions of curing
 t - a potion of flight {unknown}


   Skills:
 + Level 6.4 Fighting
 - Level 1.7 Throwing
 + Level 6.4 Armour
 + Level 6.4 Dodging
 * Level 11.8 Unarmed Combat


You had 9 spell levels left.
You didn't know any spells.
Your spell library was empty.

Dungeon Overview and Level Annotations

Branches:
Dungeon (9/15)             Temple (0/1) D:5            Lair (0/6) D:8
    Orc: D:9-12

Shops:
D:4 [

Portals:
Abyss: D:3

Annotations:
D:7 3 runed translucent doors, adept's ghost, novice FoFi


Innate Abilities, Weirdness & Mutations

Your attributes grow dramatically as you level up.
You have an increased reservoir of magic. (+10% MP)
You shall have no god before yourself.


Message History

The yak gores you.
You punch the yak!
You kill the yak!
The orc priest invokes the aid of Beogh against you.
Beogh smites you!
You barely miss the yak.
Your plate armour prevents you from hitting the yak.
The yak gores you.
You completely miss the yak. The yak gores you but does no damage.
You pummel the yak!!
The yak is heavily wounded.
The yak barely misses you.
You hit the yak.
The yak is heavily wounded.
The orc warrior hits you from afar with a +0 trident.
The yak closely misses you.
You punch the yak!
The yak is almost dead.
The orc warrior hits you but does no damage.
You punch the yak!
You kill the yak!
You swing at nothing.
The orc priest casts a cantrip, but nothing happens.
The orc warrior hits you from afar with a +0 trident.
You swing at nothing.
The orc warrior hits you from afar with a +0 trident.
You punch the orc priest!
You kill the orc priest!
The orc warrior hits you from afar with a +0 trident.
* * * LOW HITPOINT WARNING * * *
You swing at nothing.
You punch the yak!
The yak is moderately wounded.
The orc warrior hits you from afar with a +0 trident!!
* * * LOW HITPOINT WARNING * * *
The yak gores you but does no damage.
You punch the yak!
The yak is heavily wounded.
The orc warrior closely misses you. The yak gores you!
You die...

#...........# #.#
#...........# #..
##....#####.# #..
#....# #.# ###..#
#.# #..#
#.######.. #..#
#.........
#.o#####.........
#oYoY@...........
#.oo####.......##
####+###oT.o
#.......#
#####.........Y#
#####...#
...............#
...#
...............#
...#
..Yo...........#
.#
...............#
...............#


You could see 2 yaks, a troll, an orc warrior, an orc wizard (invisible) and 4
orcs.

Vanquished Creatures
  Erolcha (D:9)
  Harold (D:7)
  An unseen horror (D:9)
  Prince Ribbit (D:5)
  2 small abominations (D:3)
  9 yaks
  2 wraiths (D:8)
  Edmund (D:5)
  4 water moccasins
  4 orc warriors
  2 ice beasts
  2 sky beasts
  3 black bears (D:8)
  4 ogres
  2 necrophages (D:8)
  2 phantoms
  A centaur (D:8)
  2 kobold brigands
  4 bullfrogs (D:7)
  A wyvern skeleton (D:8)
  3 scorpions
  A troll zombie (D:8)
  The ghost of ThereIsNoGod the Skirmisher, a weakling DsAK of Lugonu (D:3)
  6 wights
  An electric eel (D:8)
  3 howler monkeys
  A quasit (D:3)
  A centaur zombie (D:8)
  2 human zombies (D:8)
  4 hounds
  4 orc priests
  3 jellies
  3 human skeletons (D:8)
  2 iguanas
  3 orc wizards
  6 worker ants
  A worker ant zombie (D:8)
  4 gnolls
  7 adders
  A shadow imp (D:5)
  2 white imps
  3 ufetubi
  2 oozes
  4 dart slugs
  7 leopard geckos
  14 orcs
  9 giant cockroaches
  7 goblins
  10 hobgoblins
  12 jackals
  10 kobolds
  4 quokkas
  A ball python (D:5)
  6 bats
  3 frilled lizards
  An orc zombie (D:8)
  2 quokka skeletons (D:5)
  A quokka zombie (D:5)
  2 rats (D:2)
206 creatures vanquished.

Vanquished Creatures (others)
  5 dream sheep (D:6)
  An orc (D:8)
  55 fungi (D:8)
  40 plants
101 creatures vanquished.

Grand Total: 307 creatures vanquished

Notes
Turn   | Place    | Note
-------+----------+-------------------------------------------
     0 | D:1      | HoaS the Demigod Gladiator began the quest for the Orb.
     0 | D:1      | Reached XP level 1. HP: 17/17 MP: 3/3
    26 | D:1      | Reached skill level 3 in Unarmed Combat
   364 | D:1      | Reached XP level 2. HP: 24/24 MP: 4/4
   955 | D:2      | Reached XP level 3. HP: 21/29 MP: 5/5
  1085 | D:2      | Reached skill level 4 in Unarmed Combat
  1584 | D:2      | Reached XP level 4. HP: 36/36 MP: 6/6
  1989 | D:2      | Reached skill level 5 in Unarmed Combat
  2128 | D:3      | Found a one-way gate to the infinite horrors of the Abyss.
  2128 | D:3      | Noticed a small abomination
  2128 | D:3      | Noticed ThereIsNoGod's ghost (weakling DsAK)
  2129 | D:3      | Noticed a small abomination
  2130 | D:3      | Noticed a kobold brigand
  2146 | D:3      | Found a transporter.
  2598 | D:3      | Found a transporter.
  2906 | D:4      | Reached XP level 5. HP: 28/41 MP: 7/7
  3122 | D:4      | Found Joffeunn's Armour Shoppe.
  3123 | D:4      | Noticed an ogre
  3324 | D:3      | Killed an ogre
  3325 | D:3      | Reached skill level 6 in Unarmed Combat
  3455 | D:4      | Reached XP level 6. HP: 48/48 MP: 8/8
  3536 | D:4      | Reached skill level 7 in Unarmed Combat
  3957 | D:5      | Entered Level 5 of the Dungeon
  4061 | D:5      | Reached XP level 7. HP: 52/53 MP: 9/9
  4126 | D:5      | Noticed Edmund
  4168 | D:5      | Killed Edmund
  4169 | D:5      | Reached skill level 8 in Unarmed Combat
  4482 | D:5      | Noticed Prince Ribbit
  4800 | D:5      | Found a staircase to the Ecumenical Temple.
  5097 | D:5      | Killed Prince Ribbit
  5098 | D:5      | Reached skill level 9 in Unarmed Combat
  5451 | D:6      | Reached skill level 1 in Armour
  5451 | D:6      | Reached XP level 8. HP: 62/62 MP: 10/10
  5766 | D:6      | Noticed a dream sheep
  5766 | D:6      | Noticed a dream sheep
  5766 | D:6      | Noticed a dream sheep
  5766 | D:6      | Noticed a dream sheep
  5766 | D:6      | Noticed a dream sheep
  5771 | D:6      | Killed a dream sheep
  5772 | D:6      | Killed a dream sheep
  5772 | D:6      | Killed a dream sheep
  5772 | D:6      | Killed a dream sheep
  5774 | D:6      | Killed a dream sheep
  6004 | D:4      | Bought a +1 cloak of willpower for 214 gold pieces
  6152 | D:7      | Noticed Harold
  6183 | D:7      | Killed Harold
  6186 | D:7      | Found a runed translucent gate.
  6186 | D:7      | Found a runed translucent gate.
  6186 | D:7      | Found a runed translucent gate.
  6188 | D:7      | Noticed adept's ghost (novice FoFi)
  7206 | D:7      | Reached XP level 9. HP: 70/71 MP: 11/11
  7782 | D:3      | Reached skill level 10 in Unarmed Combat
  7876 | D:3      | Killed ThereIsNoGod's ghost
  8553 | D:7      | Reached skill level 5 in Fighting
  8553 | D:7      | Reached skill level 5 in Armour
  8553 | D:7      | Reached skill level 5 in Dodging
  8975 | D:7      | Reached XP level 10. HP: 43/81 MP: 13/13
  9267 | D:8      | Found a staircase to the Lair.
  9378 | D:8      | Reached skill level 11 in Unarmed Combat
 10437 | D:9      | Noticed an unseen horror
 10447 | D:9      | Killed an unseen horror
 10584 | D:9      | Noticed Erolcha
 10596 | D:9      | Killed Erolcha
 10727 | D:9      | HP: 1/84 [orc warrior/+0 trident (19)]
 10728 | D:9      | Mangled by a yak

Illustrated notes

Levels and vault maps discovered:
D:1:      lemuel_arrival_cross, layout_rooms, serial_bayou, serial_bayou_pond_d,
          serial_bayou_pond_a, serial_bayou_lagoon_b, serial_bayou_pond_b,
          serial_bayou_pond_d
D:2:      layout_basic, minivault_4, st_stairs_13, minmay_split_cup_large
D:3:      layout_rooms, grunt_temple_overflow_open,
          gammafunk_ghost_abyssal_escape, serial_park_tiny_1, elyvilon_altar_1
D:4:      layout_basic, gammafunk_temple_overflow_wave, serial_shops,
          nicolae_shop_waterfront
D:5:      layout_basic, nicolae_overflow_crystal_walls,
          minmay_temple_entry_gardened_gates, fedhas_altar_fruit_tree,
          uniq_edmund, uniq_prince_ribbit1
D:6:      layout_rooms, kb_xom_exploding_sheep, marbit_many_paths, basic_altar
D:7:      layout_loops_corners, gammafunk_ghost_nasty_kobolds, uniq_harold
D:8:      layout_rooms, lemuel_mausoleum_altar_yredelemnul,
          due_lair_maze_entry_diamond, nicolae_lava_and_water
D:9:      layout_irregular_city, uniq_erolcha, uniq_pikel

Skill      XL: |  1  2  3  4  5  6  7  8  9 10 |
---------------+-------------------------------+-----
Unarmed Combat | 3 4 5 6 7 9 10 11 | 11.8
Fighting       | 2 4 5 6 |  6.4
Dodging        | 3 4 5 6 |  6.4
Armour         | 1 4 5 6 |  6.4
Throwing       | |  1.7

Action                   |  1- 3 |  4- 6 |  7- 9 | 10-12 || total
-------------------------+-------+-------+-------+-------++-------
Melee: Unarmed           |   158 |   205 |   387 |   239 ||   989
       Punch             |     1 |     6 |    24 |    11 ||    42
Throw: Throwing net      |       |     2 |     5 |       ||     7
       Dart              |       |       |    20 |       ||    20
Evoke: Wand              |       |       |       |     2 ||     2
  Use: Scroll            |     1 |     9 |     2 |     1 ||    13
 Stab: Sleeping          |     1 |       |       |       ||     1
       Held in net/web   |       |     2 |     3 |       ||     5
Armor: Leather armour    |    22 |       |       |       ||    22
       Chain mail        |    37 |   103 |   151 |    47 ||   338
       Plate armour      |       |       |       |    22 ||    22
Dodge: Dodged            |    79 |    89 |   168 |    87 ||   423

Table legend: (Time is in decaauts)
 A = Elapsed time spent in this place.
 B = Non-inter-level travel time spent in this place.
 C = Inter-level travel time spent in this place.
 D = Time resting spent in this place.
 E = Time spent auto-exploring this place.
 F = Levels seen in this place.
 G = Mean time per level.
                   A        B        C        D        E       F      G
               +--------+--------+--------+--------+--------+-----+--------+
         Total |  10626 |   9823 |    803 |   3984 |   3957 |   9 | 1180.7 |
       Dungeon |  10626 |   9823 |    803 |   3984 |   3957 |   9 | 1180.7 |
               +--------+--------+--------+--------+--------+-----+--------+

Top non-repeatable levels by time:
     D:7: 2217 daAuts
     D:3: 1468 daAuts
     D:5: 1364 daAuts
     D:8: 1340 daAuts
     D:2: 1121 daAuts
     D:4: 1083 daAuts
     D:1: 937 daAuts
     D:6: 688 daAuts
     D:9: 404 daAuts
